 Dungeon Crawl Stone Soup version 0.26-a0-651-gb41185065b (webtiles) character file.

Game seed: 8542269116595420980

11 Lanoc the Charlatan (level 2, 0/21 HPs)
             Began as a Formicid Artificer on Oct 27, 2020.
             Succumbed to an adder's poison
             ... on level 3 of the Dungeon.
             The game lasted 00:00:27 (65 turns).

Lanoc the Charlatan (Formicid Artificer)              Turns: 65, Time: 00:00:28

Health: 0/21       AC:  3    Str: 16    XL:     2   Next: 35%
Magic:  2/2        EV: 11    Int: 10    God:
Gold:   23         SH:  0    Dex: 11    Spells: 1/1 levels left

rFire    . . .     SeeInvis +   a - +0 club
rCold    . . .     Faith    .   (no shield)
rNeg     . . .     Spirit   .   b - +0 leather armour
rPois    .         Reflect  .   (helmet unavailable)
rElec    .         Harm     .   (no cloak)
rCorr    .         Rampage  .   (no gloves)
MR       .....                  (no boots)
Stlth    +.........             (no amulet)
HPRegen  0.07/turn              (no ring)
MPRegen  0.08/turn              (no ring)

@: lethally poisoned (0 -> -3)
A: permanent stasis, dig shafts and tunnels, four strong arms, antennae 3
a: Dig, Shaft Self


You were on level 3 of the Dungeon.
You visited 1 branch of the dungeon, and saw 3 of its levels.

You collected 23 gold pieces.

Inventory:

Hand Weapons
 a - a +0 club (weapon)
Armour
 b - a +0 leather armour (worn)
Wands
 c - a wand of flame (11)
 d - a wand of enslavement (15)
 e - a wand of random effects (13)
Scrolls
 f - a scroll of identify {unknown}


   Skills:
 + Level 1.4 Fighting
 + Level 2.4 Armour
 + Level 1.1 Dodging
 - Level 1.2 Stealth
 * Level 3.6 Evocations


You had one spell level left.
You didn't know any spells.
Your spell library was empty.

Dungeon Overview and Level Annotations

Branches:
Dungeon (3/15)

Altars:


Innate Abilities, Weirdness & Mutations

You cannot be hasted, slowed, berserked, paralysed or teleported.
You can dig through walls and to a lower floor.
Your four strong arms can wield two-handed weapons with a shield.
You have a pair of large antennae on your head. (SInv)


Message History

* * * LOW HITPOINT WARNING * * *
You feel sick.
You aren't carrying any potions.
* * * LOW HITPOINT WARNING * * *
You feel sick.
An orc comes into view. It is wielding a +0 mace.
Found 13 gold pieces.
You see here a scroll labeled BEUBRIUMOL.
Evoke which item? (* to show all) (? for menu, Esc to quit)
Aiming: Random Effects
Press: ? - help, Shift-Dir - straight line, f - orc
Aim: an orc, wielding a +0 mace (asleep)
The orc shouts!
The orc struggles to resist.
Evoke which item? (* to show all) (? for menu, Esc to quit)
Aiming: Random Effects
Press: ? - help, Shift-Dir - straight line, f/p - orc
Aim: an orc, wielding a +0 mace The orc appears confused.
You die...

#....# #.......#
#....#### #.....#
#..<....#########)...####
#..####........##.#......
#.## ########......####.
.. #####........... .#
#.........##.##. #
#.###...##...#
#$.....@.#.###
...............
##.........####
#.##......# #.. .....#...
#. ........o..
.............
..............


You could see an orc (confused).

Vanquished Creatures
  An adder (D:3)
  A hobgoblin (D:3)
  A bat (D:2)
3 creatures vanquished.

Notes
Turn   | Place    | Note
-------+----------+-------------------------------------------
     0 | D:1      | Lanoc the Formicid Artificer began the quest for the Orb.
     0 | D:1      | Reached XP level 1. HP: 15/15 MP: 1/1
    56 | D:3      | Reached skill level 1 in Dodging
    56 | D:3      | Reached XP level 2. HP: 4/21 MP: 2/2
    61 | D:3      | HP: 1/21 [poisoned by an adder]
    65 | D:3      | Succumbed to an adder's poison

Illustrated notes

Levels and vault maps discovered:
D:1:      dpeg_arrival_fog, layout_basic, tso_metal_star
D:2:      layout_rooms, lemuel_round_altar, chequers_serial_rivers_small_3
D:3:      layout_rooms, nicolae_ru_awakened_eye,
          chequers_ecumenical_altar_simple_redux, uniq_natasha

Skill      XL: |  1 |
---------------+----+-----
Dodging        | 1 |  1.1
Fighting       | |  1.4
Armour         | |  2.4
Stealth        | |  1.2
Evocations     | |  3.6

Action                   || total
-------------------------++-------
Melee: Club              ||     8
Evoke: Wand              ||     6
Armor: Leather armour    ||     1
Dodge: Dodged            ||     9

Table legend: (Time is in decaauts)
 A = Elapsed time spent in this place.
 B = Non-inter-level travel time spent in this place.
 C = Inter-level travel time spent in this place.
 D = Time resting spent in this place.
 E = Time spent auto-exploring this place.
 F = Levels seen in this place.
 G = Mean time per level.
                   A        B        C        D        E       F      G
               +--------+--------+--------+--------+--------+-----+--------+
         Total |     66 |     66 |      0 |      0 |     23 |   3 |   22.0 |
       Dungeon |     66 |     66 |      0 |      0 |     23 |   3 |   22.0 |
               +--------+--------+--------+--------+--------+-----+--------+

Top non-repeatable levels by time:
     D:3: 50 daAuts
     D:2: 14 daAuts
     D:1: 2 daAuts
